AoeStats
← applepieguy4

Glade

503734513Analyzed
1v1 RM · 1mo ago on Sep 2, 2026· 43m 31s· 2 players
Game mode
Random Map
Map size
Tiny (2 player)
Population
200
Speed
Normal
Resources
Standard
Victory
Conquest
Starting age
Dark Age
Ending age
Imperial Age
RankedLock teamsTeams togetherTeam positionsShared explorationLock speedFull tech treeHidden civsTurbo modeCheats
Victory
Defeat
🇨🇴 Persians · Colombia
1340
+15
🇺🇸 Armenians · United States
1316
-15
applepieguy4
6:41 Loom
7:54 Loom
11:36 Feudal Age
12:18 Gold Mining
11:55 Man-at-Arms
12:38 Double-Bit Axe
14:03 Long Swordsman
17:19 Forging
18:02 Arson
20:00 Scale Mail Armor
24:09 Scale Barding Armor
24:54 Horse Collar
32:28 Castle Age
31:57 Bloodlines
32:39 Wheelbarrow
33:44 Iron Casting
33:29 Chain Barding Armor
34:21 Heavy Plow
38:36 Bow Saw
40:29 Hand Cart
41:43 Gold Shaft Mining
40:59 Stone Mining
40:35 Two-Handed Swordsman
FIDEO3312 on Twitch
9:11 Loom
11:01 Feudal Age
11:44 Double-Bit Axe
12:28 Man-at-Arms
16:31 Scale Mail Armor
16:57 Forging
19:05 Fletching
19:15 Padded Archer Armor
24:42 Horse Collar
28:18 Castle Age
28:16 Crossbowman
28:55 Bodkin Arrow
33:06 Wheelbarrow
34:28 Bloodlines
35:42 Hand Cart
35:19 Town Watch
42:32 Leather Archer Armor
Connection lost

Rejoining the realm…

Still unreachable

The connection could not be restored.

Session expired

The server has moved on; the page needs a fresh start.